 Dungeon Crawl Stone Soup version 0.28-a0-794-gafe8c5f9e9 (webtiles) character file.

Game seed: 7350021122614770883

15771 siradein the Fighter (level 12, -2/88 HPs)
             Began as a Demonspawn Berserker on Nov 6, 2021.
             Was an Elder of Trog.
             Slain by a troll (14 damage)
             ... summoned by an orange crystal statue
             ... on level 11 of the Dungeon.
             The game lasted 00:29:01 (11915 turns).

siradein the Fighter (Demonspawn Berserker)        Turns: 11915, Time: 00:29:03

Health: -2/88      AC: 12    Str: 21    XL:     12   Next: 4%
Magic:  2/12       EV: 16    Int: 11    God:    Trog [****..]
Gold:   56         SH:  4    Dex: 14    Spells: 11/11 levels left

rFire   . . .      SeeInvis +   a - +0 spear (vamp)
rCold   . . .      Faith    .   (no shield)
rNeg    . . .      Spirit   .   x - +0 acid dragon scales
rPois   +          Reflect  .   h - +3 crown of Dyrovepreva {rElec Int+2 SInv}
rElec   +          Harm     .   d - +0 cloak
rCorr   +          Rampage  .   (no gloves)
Will    .....                   (no boots)
Stlth   +.........              t - amulet of regeneration
HPRegen 1.24/turn               r - ring of see invisible
MPRegen 0.13/turn               (no ring)

@: unable to read
A: claws 2, large bone plates 1, demonic guardian 2, ignite blood 2, frail 1,
poison resistance, inability to read while threatened
a: Renounce Religion, Berserk, Trog's Hand, Brothers in Arms


You were on level 11 of the Dungeon.
You worshipped Trog.
Trog was greatly pleased with you.
You visited 1 branch of the dungeon, and saw 12 of its levels.

You collected 640 gold pieces.
You spent 584 gold pieces at shops.

Inventory:

Hand Weapons
 a - a +0 vampiric spear (weapon)
 F - a +0 glaive
Missiles
 j - 2 javelins
 n - a boomerang of dispersal
 q - 42 poisoned darts (quivered)
 A - 3 curare-tipped darts
Armour
 d - a +0 cloak (worn)
 h - the +3 crown of Dyrovepreva (worn) {rElec Int+2 SInv}
   (You bought it in a shop on level 5 of the Dungeon)

   Int:       It affects your intelligence (+2).
   rElec:     It insulates you from electricity.
   SInv:      It lets you see invisible.
 x - +0 acid dragon scales (worn)
Jewellery
 r - a ring of see invisible (left claw)
 t - an amulet of regeneration (around neck)
Wands
 k - a wand of mindburst (18)
 m - a wand of acid (18)
 p - a wand of flame (103)
 v - a wand of iceblast (22)
 D - a wand of paralysis (10)
Scrolls
 e - a scroll of blinking
 g - 5 scrolls of magic mapping
 o - 8 scrolls of teleportation
 u - a scroll of enchant armour {unknown}
Potions
 b - a potion of flight
 c - 3 potions of berserk rage
 f - a potion of heal wounds
 i - a potion of cancellation
 l - 4 potions of curing
 s - 2 potions of lignification {unknown}
 w - a potion of resistance {unknown}
 z - a potion of haste {unknown}
 B - a potion of degeneration {unknown}


   Skills:
 + Level 10.4 Fighting
 + Level 9.6 Polearms
 + Level 9.4 Armour
 + Level 9.3 Dodging


You had 11 spell levels left.
You didn't know any spells.
Your spell library was empty.

Dungeon Overview and Level Annotations

Branches:
Dungeon (12/15)            Temple (0/1) D:5            Lair (0/6) D:9
    Orc (0/2) D:11

Altars:
Cheibriados
Dithmenos
Fedhas
Gozag
Kikubaaqudgha
Nemelex Xobeh
Qazlal
Ru
Vehumet
Wu Jian
Xom
Yredelemnul
The Shining One
Beogh

Shops:
D:3 *   D:4 *   D:5 :[*   D:10 *

Portals:
Trove: D:11 (give +4 shadow dragon scales)

Annotations:
D:7 3 runed translucent doors, Woods's ghost, novice GnTm
D:11 exclusions: obsidian statue and orange crystal statue


Innate Abilities, Weirdness & Mutations

You have very sharp fingernails.
You are partially covered in large bone plates. (SH +4)
A demonic guardian rushes to your aid.
Your demonic aura often causes spilled blood to erupt in flames.
You are frail. (-10% HP)
Your system is resistant to poisons. (rPois)
You sometimes lose the ability to read scrolls when taking damage.


Message History

Something tries to feed on your intellect!
You hit the orc but do no damage.
The orc warrior hits you with a +0 scimitar!
The troll misses you. The troll closely misses you.
The troll barely misses you.
Unknown command.
You hit the orange crystal statue but do no damage.
The orc misses you. The orc hits you but does no damage.
The orange crystal statue fixes its piercing gaze on you.
Something tries to feed on your intellect!
You bump into the rock wall.
The orc warrior hits you with a +0 scimitar.
The troll bites you! The troll misses you. The troll closely misses you.
The orc closely misses you. The orc misses you.
You closely miss the orc. The troll bites you but does no damage.
The troll barely misses you. The troll claws you. The troll misses you.
The troll claws you but does no damage. The troll closely misses you.
The orc warrior hits you with a +0 scimitar.
The orc barely misses you. The orc misses you.
Unknown command.
You closely miss the troll. You hit the troll.
The troll is lightly wounded.
The troll completely misses you. The troll claws you.
The troll closely misses you.
The orc warrior hits you with a +0 scimitar.
The troll bites you but does no damage. The troll claws you.
* * * LOW HITPOINT WARNING * * *
The troll misses you. The orc hits you but does no damage. The orc misses you.
The orange crystal statue fixes its piercing gaze on you.
You feel your power leaking away. The orc hits you but does no damage.
You hit the orange crystal statue but do no damage.
You feel less confused. The troll bites you!
* * * LOW HITPOINT WARNING * * *
A demonic guardian appears!
The troll claws you but does no damage. The troll barely misses you.
You block the orc warrior's attack. The troll bites you!
You die...

....#.#..#.# #.....#
....#.##...### ##.....#
....#.###....# ####......#
........##.#.# #......####
.....##.##.#.####......#
...####..#.#..##.....###
_.## ##.#.#.##.o...##? ..#
#....##4TTo.##.. ###
##..##..8@o##..8
#########...##.oo##.....
.......##....##.##.....#
######.##.....###.....#
#..##...........#####
##..................#
##########..........####.##
#### #.....# #.........##
#..####... #.....#
#.........# #.....).##


You could see an orange crystal statue, 2 trolls, an orc warrior (summoned), 4
orcs and a friendly rust devil (summoned).

Vanquished Creatures
  Gastronok (D:8)
  A hydra (D:12)
  A centaur warrior (D:9)
  2 two-headed ogres
  2 ugly things
  2 manticores
  A cyclops (D:12)
  A centaur zombie (D:10)
  A komodo dragon (D:9)
  Psyche (D:11)
  An unseen horror (D:7)
  2 kobold demonologists (D:12)
  2 trolls (D:11)
  A wraith (D:12)
  Eustachio (D:6)
  3 yaks (D:8)
  2 steam dragons
  4 vampire mosquitoes (D:11)
  An acid dragon (D:11)
  4 water moccasins
  3 ice beasts
  6 black bears
  5 orc warriors
  A sky beast (D:6)
  2 necrophages
  9 ogres
  2 wolves (D:11)
  2 phantoms
  5 centaurs
  A bullfrog (D:9)
  2 kobold brigands (D:11)
  6 gnoll sergeants
  2 wyvern zombies
  6 killer bees (D:7)
  A howler monkey (D:7)
  10 wights
  3 jellies
  A human zombie (D:4)
  7 orc priests
  A hound (D:7)
  A gnoll shaman (D:5)
  2 iguanas
  14 orc wizards
  A hound zombie (D:4)
  2 hound skeletons (D:4)
  2 mummies (D:4)
  3 howler monkey zombies
  12 gnolls
  6 adders
  A white imp (D:5)
  2 adder zombies (D:4)
  3 worms
  40 orcs
  5 endoplasms
  7 giant cockroaches
  4 goblins
  6 hobgoblins
  3 jackals
  3 quokkas (D:3)
  6 ball pythons
  2 bats
  3 frilled lizards
  8 kobolds
  A quokka zombie (D:4)
  4 rats
250 creatures vanquished.

Vanquished Creatures (collateral kills)
  Grum (D:11)
  4 vampire mosquitoes (D:12)
  2 orc warriors
  An adder (D:2)
  A white imp (D:7)
  An ufetubus (D:6)
  4 orcs (D:6)
14 creatures vanquished.

Vanquished Creatures (others)
  18 fungi (D:9)
  28 plants (D:9)
46 creatures vanquished.

Grand Total: 310 creatures vanquished

Notes
Turn   | Place    | Note
-------+----------+-------------------------------------------
     0 | D:1      | siradein the Demonspawn Berserker began the quest for the
                  | Orb.
     0 | D:1      | Reached XP level 1. HP: 18/18 MP: 1/1
   357 | D:1      | Gained mutation: A weak demonic guardian rushes to your
                  | aid. [demonic ancestry]
   357 | D:1      | Reached XP level 2. HP: 15/24 MP: 2/2
  1036 | D:2      | Reached XP level 3. HP: 18/29 MP: 3/3
  1514 | D:2      | Reached ** piety under Trog
  2002 | D:2      | Reached XP level 4. HP: 25/35 MP: 4/4
  2410 | D:2      | Found a faded altar of an unknown god.
  3267 | D:3      | Found an ornate altar of the Wu Jian Council.
  3272 | D:3      | Found Kucul's General Store.
  3415 | D:3      | Found a radiant altar of Vehumet.
  3422 | D:3      | Found an ancient bone altar of Kikubaaqudgha.
  3563 | D:4      | Found Nidrekh's Needful Niceties.
  3628 | D:4      | Noticed a black bear
  3647 | D:4      | Reached XP level 5. HP: 38/42 MP: 5/5
  3653 | D:4      | Killed a black bear
  3654 | D:4      | Reached skill level 4 in Fighting
  4044 | D:4      | Reached XP level 6. HP: 46/48 MP: 6/6
  4748 | D:4      | Gained mutation: Your demonic aura sometimes causes spilled
                  | blood to erupt in flames. [demonic ancestry]
  4748 | D:4      | Reached XP level 7. HP: 50/55 MP: 7/7
  5021 | D:4      | Found a basalt altar of Yredelemnul.
  5073 | D:4      | Reached skill level 5 in Fighting
  5211 | D:5      | Entered Level 5 of the Dungeon
  5310 | D:5      | Found a staircase to the Ecumenical Temple.
  5401 | D:5      | Found a sparkling altar of Nemelex Xobeh.
  5889 | D:5      | Reached skill level 5 in Polearms
  5889 | D:5      | Gained mutation: You have sharp fingernails. [demonic
                  | ancestry]
  5889 | D:5      | Reached XP level 8. HP: 63/63 MP: 8/8
  5924 | D:5      | Found Edder's Book Shoppe.
  5926 | D:5      | Found Leliuv's Armour Emporium.
  5928 | D:5      | Found Ytzewik's General Store.
  6134 | D:6      | Noticed Eustachio
  6180 | D:6      | Killed Eustachio
  6181 | D:6      | Reached skill level 5 in Armour
  6232 | D:6      | Reached skill level 5 in Dodging
  6263 | D:6      | Found a snail-covered altar of Cheibriados.
  6362 | D:6      | Reached skill level 6 in Fighting
  6419 | D:6      | Reached *** piety under Trog
  6672 | D:6      | Gained mutation: You have very sharp fingernails. [demonic
                  | ancestry]
  6672 | D:6      | Reached XP level 9. HP: 71/71 MP: 9/9
  6858 | D:6      | Found a shadowy altar of Dithmenos.
  6874 | D:6      | Found an opulent altar of Gozag.
  7133 | D:7      | Noticed an unseen horror
  7146 | D:7      | Killed an unseen horror
  7147 | D:7      | Reached skill level 7 in Fighting
  7209 | D:7      | Found a runed translucent gate.
  7209 | D:7      | Noticed Woods's ghost (novice GnTm)
  7210 | D:7      | Found a runed translucent gate.
  7211 | D:7      | Found a runed translucent gate.
  7409 | D:7      | Noticed a manticore
  7426 | D:7      | Killed a manticore
  7454 | D:7      | Found a sacrificial altar of Ru.
  7548 | D:7      | Found a shimmering altar of Xom.
  7949 | D:8      | Noticed Gastronok
  7968 | D:8      | Killed Gastronok
  7969 | D:8      | Reached skill level 8 in Fighting
  7969 | D:8      | Gained mutation: Your demonic aura often causes spilled
                  | blood to erupt in flames. [demonic ancestry]
  7969 | D:8      | Reached XP level 10. HP: 62/80 MP: 10/10
  8023 | D:8      | Found a stormy altar of Qazlal.
  8694 | D:9      | Identified the -3 pair of boots of Classification {Dex+4}
  8706 | D:9      | Found a blossoming altar of Fedhas.
  8734 | D:9      | Noticed a centaur warrior
  8750 | D:9      | Killed a centaur warrior
  8808 | D:9      | Found a staircase to the Lair.
  8858 | D:9      | Reached **** piety under Trog
  8883 | D:9      | Reached skill level 9 in Fighting
  9343 | D:10     | Entered Level 10 of the Dungeon
  9383 | D:10     | Found Xuitwoborom's General Store.
  9385 | D:10     | You fall into a shaft and drop 2 floors!
  9399 | D:12     | Noticed a seven-headed hydra
  9466 | D:12     | Killed a seven-headed hydra
  9467 | D:12     | Gained mutation: You are partially covered in large bone
                  | plates. (SH +4) [demonic ancestry]
  9467 | D:12     | Reached XP level 11. HP: 23/89 MP: 11/11
  9534 | D:12     | Noticed a white ugly thing
  9543 | D:12     | Killed a white ugly thing
  9748 | D:11     | Noticed a white ugly thing
  9760 | D:11     | Killed a white ugly thing
  9788 | D:11     | Found a staircase to the Orcish Mines.
  9838 | D:11     | Reached skill level 10 in Fighting
  9974 | D:11     | Found a shimmering altar of Xom.
  9976 | D:11     | Found a shimmering altar of Xom.
  9976 | D:11     | Found a shimmering altar of Xom.
  9976 | D:11     | Found a shimmering altar of Xom.
  9977 | D:11     | Found a shimmering altar of Xom.
  9980 | D:11     | Found a shimmering altar of Xom.
  9980 | D:11     | Found a shimmering altar of Xom.
  9984 | D:11     | Noticed Psyche
 10012 | D:11     | Noticed an obsidian statue
 10111 | D:11     | Noticed a two-headed ogre
 10198 | D:10     | Bought a scroll of identify for 32 gold pieces
 10198 | D:10     | Bought a +0 scythe for 48 gold pieces
 10315 | D:10     | Noticed a two-headed ogre
 10321 | D:10     | Killed a two-headed ogre
 10400 | D:10     | Identified the +0 ring mail of Noughts and Crosses {rC+}
 10547 | D:5      | Bought the +3 crown of Dyrovepreva {rElec Int+2 SInv} for
                  | 414 gold pieces
 10547 | D:5      | Found the +3 crown of Dyrovepreva {rElec Int+2 SInv}
 10892 | D:10     | Reached ***** piety under Trog
 11188 | D:10     | Gained mutation: Your system is resistant to poisons.
                  | (rPois) [potion of mutation]
 11188 | D:10     | Gained mutation: You are frail. (-10% HP) [potion of
                  | mutation]
 11188 | D:10     | Gained mutation: You sometimes lose the ability to read
                  | scrolls when taking damage. [potion of mutation]
 11228 | D:11     | Killed a two-headed ogre
 11248 | D:11     | Killed Psyche
 11278 | D:11     | Found a portal to a secret trove of treasure.
 11340 | D:11     | Noticed Grum
 11346 | D:11     | Gained mutation: A demonic guardian rushes to your aid.
                  | [demonic ancestry]
 11346 | D:11     | Reached XP level 12. HP: 77/88 MP: 12/12
 11352 | D:11     | Killed Grum
 11676 | D:3      | Bought a scroll of enchant weapon for 90 gold pieces
 11915 | D:11     | Slain by a troll

Illustrated notes

Levels and vault maps discovered:
D:1:      amcnicky_arrival_flooded_fountain, layout_rooms, minmay_circled_x
D:2:      minmay_skewed_foursquare, layout_loops_corners,
          hellmonk_ecumenical_altar_run_dry
D:3:      layout_basic, amethyst_overflow_temple_binary,
          nicolae_wu_jian_wuxing_cycle, serial_shops, shop, bh_walls_and_bars
D:4:      layout_loops_ring, lemuel_mausoleum_altar_yredelemnul,
          nicolae_alphabet_shops
D:5:      layout_loops_cross, nicolae_overflow_crystal_walls, temple_doors_cd,
          nicolae_wooded_promenade
D:6:      layout_gridville, slow_altar_2, grunt_temple_overflow_open,
          uniq_eustachio
D:7:      layout_basic, mainiacjoe_overflow_tiny_flanked,
          mainiacjoe_overflow_alcove_2, biasface_ghost_orc_armoury
D:8:      layout_basic, mainiacjoe_overflow_concentric_impassable,
          serial_curves, eino_curves_04, eino_curves_02, eino_curves_04,
          uniq_gastronok
D:9:      layout_roguey, mainiacjoe_overflow_chevrons,
          due_lair_maze_entry_diamond
D:10:     layout_loops_ring, serial_shops, nicolae_shop_waterfront
D:11:     minmay_separated_statues, layout_rooms,
          kennysheep_orc_monster_closet_entryway, nicolae_trove_entry_isolated,
          nicolae_xom_altar_mimics, uniq_grum, uniq_psyche
D:12:     layout_roguey, gauntlet_entry_generic, minmay_diced_spiral

Skill      XL: |  1  2  3  4  5  6  7  8  9 10 11 |
---------------+----------------------------------+-----
Armour         | 2 3 4 5 7 8 9 |  9.4
Dodging        | 2 3 4 5 7 8 9 |  9.3
Polearms       | 3 4 5 6 7 8 9 |  9.6
Fighting       | 4 5 6 8 9 10 | 10.4

Action                   |  1- 3 |  4- 6 |  7- 9 | 10-12 || total
-------------------------+-------+-------+-------+-------++-------
Melee: Spear             |   177 |   243 |    16 |    43 ||   479
       Halberd           |       |       |   392 |   344 ||   736
       Glaive            |       |       |       |    15 ||    15
Invok: Berserk           |       |     2 |     7 |     5 ||    14
       Trog's Hand       |       |     1 |     5 |     6 ||    12
  Use: Scroll            |       |     6 |     3 |     7 ||    16
       Potion            |       |       |       |     1 ||     1
 Stab: Distracted        |       |       |       |     3 ||     3
Armor: Animal skin       |    11 |       |       |       ||    11
       Plate armour      |    52 |   107 |   393 |   194 ||   746
       Chain mail        |     4 |       |       |       ||     4
       Scale mail        |       |       |       |    69 ||    69
       Acid dragon scale |       |       |       |    11 ||    11
Dodge: Dodged            |    54 |    48 |   247 |   261 ||   610
Block: Other             |       |       |       |    50 ||    50

Table legend: (Time is in decaauts)
 A = Elapsed time spent in this place.
 B = Non-inter-level travel time spent in this place.
 C = Inter-level travel time spent in this place.
 D = Time resting spent in this place.
 E = Time spent auto-exploring this place.
 F = Levels seen in this place.
 G = Mean time per level.
                   A        B        C        D        E       F      G
               +--------+--------+--------+--------+--------+-----+--------+
         Total |  12122 |  11324 |    798 |    413 |   8013 |  12 | 1010.2 |
       Dungeon |  12122 |  11324 |    798 |    413 |   8013 |  12 | 1010.2 |
               +--------+--------+--------+--------+--------+-----+--------+

Top non-repeatable levels by time:
     D:4: 1853 daAuts
     D:2: 1535 daAuts
     D:6: 1073 daAuts
     D:5: 1047 daAuts
     D:1: 1025 daAuts
     D:3: 919 daAuts
     D:7: 912 daAuts
    D:10: 904 daAuts
     D:8: 871 daAuts
    D:11: 847 daAuts
     D:9: 724 daAuts
    D:12: 406 daAuts
